 Dungeon Crawl Stone Soup version 0.31-a0-161-gb58dd9be76 (webtiles) character file.

Game seed: 7116851044230243049

20 qw the Shooter (level 2, -5/26 HPs)
             Began as a Naga Hunter on June 12, 2023.
             Killed from afar by Sigmund (9 damage)
             ... with a magic dart
             ... on level 2 of the Dungeon.
             The game lasted 00:00:16 (767 turns).

qw the Shooter (Naga Hunter)                         Turns: 767, Time: 00:00:16

Health: -5/26      AC:  2    Str: 13    XL:     2   Next: 79%
Magic:  2/2        EV:  9    Int:  9    God:
Gold:   35         SH:  0    Dex: 14    Spells: 1/1 levels left

rFire   . . .        Y - +1 shortbow
rCold   . . .        (shield currently unavailable)
rNeg    . . .        c - +0 leather armour
rPois   +            (no helmet)
rElec   .            (no cloak)
rCorr   .            (no gloves)
SInv    +            (no barding)
Will    .....        (no amulet)
Stlth   ++           (no ring)
HPRegen 0.24/turn    (no ring)
MPRegen 0.08/turn

%: no passive effects
@: about to teleport, very slow
A: AC +0, large, see invisible, deformed body, poison resistance, slowness 2,
spit poison 1, naga tail 1
a: Spit Poison


You were on level 2 of the Dungeon.
You visited 1 branch of the dungeon, and saw 2 of its levels.

You collected 35 gold pieces.


Innate Abilities, Weirdness & Mutations

Your serpentine skin is tough. (AC +0)
You have supernaturally acute eyesight. (SInv)
Armour fits poorly on your strangely shaped body.
Your system is resistant to poisons. (rPois)
You cover ground very slowly.
You can spit poison.
You have a snake-like lower body.


   Skills:
 - Level 2.0 Fighting
 + Level 4.3 Ranged Weapons
 - Level 1.5 Dodging
 - Level 1.5 Stealth


You had one spell level left.
You didn't know any spells.
Your spell library was empty.

Inventory:

Hand Weapons
 Y - a +1 shortbow (weapon)
Armour
 c - a +0 leather armour (worn)
Scrolls
 h - a scroll of identify
Potions
 f - a potion of cancellation {unknown}
 i - a potion of enlightenment {unknown}

Dungeon Overview and Level Annotations

Branches:
Dungeon (2/15)

Altars:

Annotations:
D:2 Sigmund


Message History

Found a +6 ring of intelligence.
You now have 32 gold pieces (gained 7).
You now have 35 gold pieces (gained 3).
A kobold comes into view. It is wielding a +0 club.
732 ||| INVOKING Spit Poison.
Aiming: Spit Poison (2% risk of failure)
Press: ? - help, Shift-Dir - straight line, f - kobold The splash of poison hits the kobold.
The kobold is poisoned.
You kill the kobold!
You have got your breath back.
You open the door.
Sigmund the Dreaded comes into view.
He is wielding a +0 scythe and wearing a +2 robe of willpower.
Sigmund shouts!
759 ||| INVOKING Spit Poison.
Aiming: Spit Poison (2% risk of failure)
Press: ? - help, Shift-Dir - straight line, f - Sigmund The splash of poison hits Sigmund.
Sigmund is poisoned.
Sigmund is moderately wounded.
Sigmund is suddenly surrounded by pale red light.
Sigmund hits you from afar with a +0 scythe!
You shoot an arrow. The arrow closely misses Sigmund.
Sigmund drinks a potion.
Sigmund's spells are empowered!
You shoot an arrow. The arrow closely misses Sigmund.
Sigmund hits you from afar with a +0 scythe!
762 ||| READING 2 scrolls of teleportation.
As you read the scroll of teleportation, it crumbles to dust.
You feel strangely unstable.
Enter note: Sigmund hits you from afar with a +0 scythe.
You have got your breath back.
Sigmund looks more healthy.
Your surroundings suddenly seem different.
Sigmund mumbles some strange words.
Sigmund flickers and vanishes for a moment.
766 ||| READING scroll of teleportation.
As you read the scroll of teleportation, it crumbles to dust.
You feel strangely unstable.
Sigmund points at you and mumbles some strange words.
The magic dart hits you!
You die...

#...=....# ##...##
######.### ##.....##
###.## ##.......##
##....####.........#
#.#......+.........+
##....####.........#
#.#.## #.......# #.###
#.....# #.# ##.@.## #.#
##@## #.# #.# #.#
#.#########. ##.####
##.#.........
#.....#######..ยค.########
#.......).##.....#
#..##.###.###....###
#..##.###.# ##.....#


You could see Sigmund (empowered, invisible).

Vanquished Creatures
  A ball python (D:1)
  2 bats (D:1)
  2 endoplasms (D:1)
  A goblin (D:1)
  2 hobgoblins (D:1)
  2 quokkas (D:1)
  2 frilled lizards (D:1)
  4 kobolds
  4 rats (D:1)
20 creatures vanquished.

Notes
Turn   | Place    | Note
-------+----------+-------------------------------------------
     0 | D:1      | qw the Naga Hunter began the quest for the Orb.
     0 | D:1      | Reached XP level 1. HP: 19/19 MP: 1/1
     0 | D:1      | 0 ||| qw: Version: 0.2-a-29-gc1b59c4
     0 | D:1      | 0 ||| qw: Game counter: 4250
     0 | D:1      | 0 ||| qw: Always use a shield: true
     0 | D:1      | 0 ||| qw: God list: Okawaru
     0 | D:1      | 0 ||| qw: Allow faded altars: false
     0 | D:1      | 0 ||| qw: Do Orc after D:15 true
     0 | D:1      | 0 ||| qw: Do second Lair branch before Depths: true
     0 | D:1      | 0 ||| qw: Lair rune preference: random
     0 | D:1      | 0 ||| qw: Plans: Normal
     0 | D:1      | 0 ||| PLANNING D:1-11
    67 | D:1      | 67 ||| INVOKING Spit Poison.
   117 | D:1      | 117 ||| INVOKING Spit Poison.
   155 | D:1      | 155 ||| INVOKING Spit Poison.
   210 | D:1      | Found a faded altar of an unknown god.
   224 | D:1      | 224 ||| INVOKING Spit Poison.
   255 | D:1      | 255 ||| INVOKING Spit Poison.
   257 | D:1      | Reached skill level 4 in Ranged Weapons
   257 | D:1      | Reached XP level 2. HP: 26/26 MP: 2/2
   292 | D:1      | 292 ||| INVOKING Spit Poison.
   355 | D:1      | 355 ||| INVOKING Spit Poison.
   358 | D:1      | 358 ||| INVOKING Spit Poison.
   369 | D:1      | 369 ||| INVOKING Spit Poison.
   385 | D:1      | 385 ||| INVOKING Spit Poison.
   403 | D:1      | 403 ||| INVOKING Spit Poison.
   645 | D:1      | 645 ||| DROPPING +6 ring of intelligence.
   646 | D:1      | 646 ||| READING scroll labelled SOULYC TERGH.
   647 | D:1      | 647 ||| READING scroll labelled ICOAPE WIUPAOKLOEH.
   648 | D:1      | 648 ||| READING 2 scrolls labelled SIOJEJUFAM.
   649 | D:1      | 649 ||| READING 3 scrolls labelled HENIDO ECSEL.
   654 | D:1      | 654 ||| READING scroll labelled QUG ZEUNNIAGE.
   655 | D:1      | 655 ||| DROPPING scroll of butterflies.
   732 | D:2      | 732 ||| INVOKING Spit Poison.
   758 | D:2      | Noticed Sigmund
   759 | D:2      | 759 ||| INVOKING Spit Poison.
   761 | D:2      | HP: 6/26 [Sigmund/+0 scythe (10)]
   762 | D:2      | 762 ||| READING 2 scrolls of teleportation.
   766 | D:2      | 766 ||| READING scroll of teleportation.
   767 | D:2      | Killed from afar by Sigmund

Levels and vault maps discovered:
D:1:      saegor_arrival_simple_b, layout_basic, ebering_ecumenical_altar_box,
          st_stairs_11
D:2:      layout_loops_corners, basic_altar, uniq_natasha, uniq_sigmund

Skill      XL: |  1 |
---------------+----+-----
Ranged Weapons | 4 |  4.3
Fighting       | |  2.0
Dodging        | |  1.5
Stealth        | |  1.5

Action                     || total
---------------------------++-------
   Fire: Shortbow          ||    27
Ability: Spit Poison       ||    13
    Use: Scroll            ||     7
 Armour: Leather armour    ||     2

Table legend:
 A = Non-vault XP
 B = Vault XP
 C = Vault XP percentage of total XP
 D = Non-vault monster count
 E = Vault monster count
 F = Vault count percentage of total count
                 A         B        C        D         E       F
            +---------+---------+-------+---------+---------+-------
      Total |      24 |       5 |  17.2 |      16 |       4 |  20.0
            +---------+---------+-------+---------+---------+-------
        D:1 |      23 |       5 |  17.9 |      15 |       4 |  21.1
        D:2 |       1 |       0 |   0.0 |       1 |       0 |   0.0
            +---------+---------+-------+---------+---------+-------
